 Dungeon Crawl Stone Soup version 0.14-a0-1613-gd720e3e (webtiles) character file.

13641 Mitsuki the Covert (level 11, 0/42 HPs)
             Began as a Spriggan Enchanter on Dec 22, 2013.
             Was an Elder of Kikubaaqudgha.
             Slain by an eight-headed hydra (2 damage)
             ... on Level 3 of the Lair of Beasts on Dec 25, 2013.
             The game lasted 02:10:14 (14524 turns).

Mitsuki the Covert (Spriggan Enchanter)            Turns: 14524, Time: 02:10:14

HP   0/42        AC  6     Str  7      XL: 11   Next: 73%
MP  22/29        EV 24     Int 17      God: Kikubaaqudgha [****..]
Gold 381         SH  0     Dex 15      Spells:  6 memorised, 11 levels left

rFire  x . .     SeeInvis +     a - +5,+3 elf dagger (venom)
rCold  + . .     Clarity  .     x - +2 robe
rNeg   . . .     Conserve .     (shield restricted)
rPois  +         rCorr    .     (helmet restricted)
rElec  .         rRot     .     E - +1 cloak {rPois}
SustAb . .       Spirit   .     (gloves unavailable)
rMut   .         Warding  .     (boots unavailable)
Saprov . . .     Stasis   .     (no amulet)
                                (no ring)
                                e - ring of ice

@: invisible, very slightly contaminated, very quick, quite resistant to hostile
enchantments, extraordinarily stealthy
A: unfitting armour, beak, see invisible, clumsy 1, herbivore 3, speed 3, frail
1, low mp 1, slow metabolism 2, wild magic 1
a: Receive Corpses, Renounce Religion


You were on level 3 of the Lair of Beasts.
You worshipped Kikubaaqudgha.
Kikubaaqudgha was greatly pleased with you.
You were very full.

You visited 3 branches of the dungeon, and saw 15 of its levels.
You also visited: Sewer and Ossuary.

You collected 764 gold pieces.
You spent 383 gold pieces at shops.

Inventory:

Hand weapons
 a - a +5,+3 elven dagger of venom (weapon)
 g - a +2,+2 dagger of holy wrath
Armour
 x - a +2 robe (worn)
 E - a +1 cloak of poison resistance (worn)
Magical devices
 n - a wand of digging (6)
 v - a wand of draining (0)
Comestibles
 o - 7 bread rations
Scrolls
 i - 4 scrolls of blinking
 k - a scroll of fog
 m - a scroll of enchant weapon I
 p - a scroll of enchant armour
 r - 3 scrolls of remove curse
 y - 5 scrolls of magic mapping
 z - 5 scrolls of teleportation
 A - a scroll of recharging
 B - 7 scrolls of identify
 G - 2 scrolls of enchant weapon III
Jewellery
 e - a ring of ice (left hand)
Potions
 c - 2 potions of restore abilities
 f - 6 potions of curing
 h - 5 potions of heal wounds
 j - 2 potions of might
 s - 2 potions of resistance
 H - 2 potions of speed
Books
 t - Kikubaaqudgha's Disquisition on Unholy Secrets
   (Kikubaaqudgha gifted it to you on level 6 of the Dungeon)

   Spells                             Type                      Level
   *Pain                              Necromancy                   1
   Lethal Infusion                    Charms/Necromancy            2
   Corpse Rot                         Necromancy                   2
   Vampiric Draining                  Necromancy                   3
   Control Undead                     Necromancy                   4
 D - Kikubaaqudgha's Grimoire of Unholy Secrets
   (Kikubaaqudgha gifted it to you on level 8 of the Dungeon)

   Spells                             Type                      Level
   *Animate Dead                      Necromancy                   4
   Excruciating Wounds                Charms/Necromancy            5
   Dispel Undead                      Necromancy                   5
   Twisted Resurrection               Necromancy                   5
   Simulacrum                         Ice/Necromancy               6
Magical staves
 b - an uncursed staff of wizardry
Rods
 d - a +0 rod of venom (14/14)
   (You found it on level 9 of the Dungeon)


   Skills:
 - Level 0.1 Fighting
 + Level 7.7 Short Blades
 - Level 1.1 Throwing
 + Level 9.2 Dodging
 + Level 13.9 Stealth
 + Level 11.3 Spellcasting
 + Level 10.5 Hexes
 + Level 5.4 Necromancy
 - Level 0.8 Evocations


You had 11 spell levels left.
You knew the following spells:

 Your Spells              Type           Power        Failure   Level  Hunger
b - Ensorcelled Hibernat  Hex/Ice        ######       4%          2    None
c - Confuse               Hex            ######..     2%          3    None
d - Pain                  Necr           ####         3%          1    None
e - Invisibility          Hex            ######..     30%         6    ######.
f - Fulminant Prism       Conj/Hex       #####.....   38%         5    ####...
g - Animate Dead          Necr           N/A          19%         4    ##.....


Dungeon Overview and Level Annotations

Branches:
Dungeon (11/16)            Temple (1/1) D:4             Orc (0/4) D:10
   Lair (3/8) D:11
  Swamp: Lair:3-6    Shoals: Lair:3-6     Snake: Lair:3-6    Spider: Lair:3-6

Altars:
Ashenzari
Cheibriados
Elyvilon
Fedhas
Kikubaaqudgha
Makhleb
Nemelex Xobeh
Okawaru
Sif Muna
Trog
Vehumet
Xom
Yredelemnul
Zin
the Shining One

Shops:
D:6 *   D:8 [   D:10 [


Innate Abilities, Weirdness & Mutations

You are tiny and cannot use many weapons and most armour.
You have supernaturally acute eyesight.
You are a herbivore.
You cover ground extremely quickly.
You need consume almost no food.
You have a beak for a mouth.
You are clumsy. (Dex -2)
You are frail (-10% HP).
Your magical capacity is low (-10% MP).
Your spells are a little harder to cast, but a little more powerful.


Message History

The eight-headed hydra barely misses you.
The eight-headed hydra bites you but does no damage.
The eight-headed hydra misses you.
There is a stone staircase leading up here.
Casting: Invisibility
Confirm with . or Enter, or press ? or * to list all spells.
Aiming: Ensorcelled Hibernation
Press: ? - help, Shift-Dir - straight line, f - eight-headed hydra
Aim: an eight-headed hydra (hasn't noticed you)
You feel a surge of power!
The eight-headed hydra resists.
The eight-headed hydra bites you.
The eight-headed hydra closely misses you.
The eight-headed hydra bites you!
* * * LOW HITPOINT WARNING * * *
The eight-headed hydra completely misses you.
The eight-headed hydra barely misses you.
The eight-headed hydra completely misses you.
The eight-headed hydra misses you. The eight-headed hydra bites you.
You die...
Kikubaaqudgha rasps: "You have failed me!
Welcome... death!"

# ### ## # # #.##
##.##.#.# #..
..##f..l..#
#...#<#<.....####
#..@.........#
.........D......#..
.............#.#
................
.................
...............
.............
........(.. .....


You could see an eight-headed hydra and an iguana (wandering).

Vanquished Creatures
  The ghost of Petitchka the Quickloader, a powerful HuHu of Zin (D:11)
  Nergalle (D:11)
  Erolcha (D:10)
  A hill giant (D:11)
  An unseen horror (D:10)
  Joseph (D:8)
  4 elephants (Lair:2)
  2 spiny frogs
  The ghost of mopl the Charmwright, an experienced HESk of Okawaru (D:5)
  Grinder (D:3)
  Prince Ribbit (D:8)
  A basilisk (Lair:2)
  A shark (D:10)
  A wyvern (D:8)
  The ghost of MechanicPope the Ruffian, an average TrTm (D:4)
  A deep elf fighter (D:11)
  5 yaks (Lair:2)
  2 hill giant skeletons
  3 hippogriffs
  A hungry ghost (D:7)
  A steam dragon (D:9)
  A sky beast (D:7)
  An ice beast (D:8)
  A necrophage (D:9)
  A yellow wasp (D:10)
  2 ogres
  3 centaurs
  2 orc warriors (D:10)
  4 crocodiles
  A big kobold (Sewer)
  Sigmund (D:3)
  A giant slug (Lair:1)
  An elf zombie (Ossuary)
  A water moccasin (Lair:1)
  Blork the orc (D:8)
  8 giant frogs
  2 agate snails (Lair:1)
  An eye of draining (D:9)
  4 wights (D:9)
  9 killer bees (D:8)
  A jellyfish (D:10)
  An electric eel (D:10)
  A goliath beetle (D:7)
  8 crimson imps
  2 jellies
  9 hounds
  A quasit (D:9)
  3 scorpions
  A soldier ant zombie (D:8)
  Crazy Yiuf (D:6)
  6 orc priests
  2 iguanas
  7 orc wizards
  An orange rat (D:8)
  9 worker ants
  A big kobold zombie (Ossuary)
  3 mummies (Ossuary)
  11 adders
  8 green rats
  A steam dragon skeleton (D:7)
  3 worms
  An adder zombie (Ossuary)
  22 grey rats
  A giant eyeball (D:7)
  An ooze (D:2)
  31 orcs
  13 bats
  6 giant cockroaches
  2 gnoll zombies (Ossuary)
  5 goblins
  18 hobgoblins
  4 quokkas
  12 ball pythons
  8 giant geckos
  5 giant newts
  A giant spore (D:6)
  A goblin skeleton (D:4)
  A goblin zombie (Ossuary)
  3 hobgoblin zombies (Ossuary)
  12 jackals
  27 kobolds
  A kobold skeleton (D:8)
  A kobold zombie (Ossuary)
  An orc skeleton (D:9)
  An orc zombie (D:5)
  5 quokka zombies
  35 rats
  A rat skeleton (D:4)
  4 rat zombies (Ossuary)
  A ballistomycete (D:6)
  2 fungi (D:11)
  A plant (D:11)
384 creatures vanquished.

Vanquished Creatures (collateral kills)
  A hill giant skeleton (D:9)
  A giant frog (Lair:2)
  An electric eel (D:10)
  A scorpion (D:8)
  An orc wizard (D:9)
  A worker ant (D:9)
  An adder (D:10)
  A rat (D:9)
8 creatures vanquished.

Vanquished Creatures (others)
  2 crocodile zombies (Lair:2)
  A hound zombie (D:10)
  10 fulminant prisms
  A green rat zombie (D:8)
  A grey rat zombie (D:8)
  2 orc zombies (D:9)
  A quokka zombie (D:10)
  3 rat zombies
21 creatures vanquished.

Grand Total: 413 creatures vanquished

Notes
Turn   | Place    | Note
--------------------------------------------------------------
     0 | D:1      | Mitsuki, the Spriggan Enchanter, began the quest for the Orb.
     0 | D:1      | Reached XP level 1. HP: 9/9 MP: 4/4
   605 | D:1      | Reached XP level 2. HP: 13/13 MP: 8/8
   609 | D:1      | Learned a level 2 spell: Ensorcelled Hibernation
  1002 | D:2      | Reached skill level 4 in Hexes
  1062 | D:2      | Reached XP level 3. HP: 16/16 MP: 5/11
  1592 | D:2      | Reached XP level 4. HP: 21/21 MP: 13/13
  1898 | D:2      | Learned a level 3 spell: Confuse
  2004 | D:3      | HP: 1/21 [worm (9)]
  2293 | D:3      | Noticed Sigmund
  2317 | D:3      | Reached skill level 5 in Stealth
  2455 | D:3      | Found a glowing drain.
  2563 | Sewer    | Entered a sewer
  2716 | Sewer    | Reached XP level 5. HP: 20/24 MP: 13/16
  2833 | Sewer    | Reached skill level 6 in Stealth
  2868 | Sewer    | Reached skill level 5 in Hexes
  3254 | Sewer    | Noticed a big kobold
  3272 | Sewer    | Killed a big kobold
  3272 | Sewer    | Reached skill level 7 in Stealth
  3272 | Sewer    | Reached XP level 6. HP: 18/28 MP: 0/18
  3891 | D:3      | Noticed Grinder
  3891 | D:3      | Paralysed by Grinder for 6 turns
  3907 | D:3      | Killed Grinder
  3907 | D:3      | Reached skill level 8 in Stealth
  3907 | D:3      | Reached XP level 7. HP: 32/32 MP: 17/20
  3977 | D:3      | Noticed an ice beast
  4465 | D:3      | Killed Sigmund
  4531 | D:4      | Noticed MechanicPope's ghost (average TrTm)
  4546 | D:4      | Killed MechanicPope's ghost
  4546 | D:4      | Reached skill level 5 in Spellcasting
  4975 | D:4      | Reached XP level 8. HP: 30/36 MP: 13/24
  5173 | D:4      | Found a staircase to the Ecumenical Temple.
  5185 | Temple   | Entered the Ecumenical Temple
  5310 | Temple   | Became a worshipper of Kikubaaqudgha
  5449 | D:5      | Entered Level 5 of the Dungeon
  5449 | D:5      | Noticed mopl's ghost (experienced HESk)
  5627 | D:5      | Reached skill level 5 in Short Blades
  5678 | D:5      | Gained mutation: You are agile. (Dex +2) [potion of beneficial mutation]
  5772 | D:5      | Killed mopl's ghost
  5772 | D:5      | Reached skill level 5 in Dodging
  6141 | D:6      | Found Curabeb's Assorted Antiques.
  6204 | D:6      | Noticed Crazy Yiuf
  6212 | D:6      | Killed Crazy Yiuf
  6309 | D:6      | Acquired Kikubaaqudgha's first power
  6309 | D:6      | Received a gift from Kikubaaqudgha
  6313 | D:6      | Identified Kikubaaqudgha's Disquisition on Unholy Secrets (Kikubaaqudgha gifted it to you on level 6 of the Dungeon)
  6317 | D:6      | Learned a level 1 spell: Pain
  6457 | D:6      | Found a shattered altar of Ashenzari.
  6463 | D:6      | Saw a vision of the Shoals and the Spider Nest.
  6463 | D:6      | Noticed a mermaid
  6463 | D:6      | Noticed a mermaid
  6463 | D:6      | Noticed a mermaid
  6463 | D:6      | Noticed a mermaid
  6463 | D:6      | Noticed a sea snake
  6465 | D:6      | Noticed a mermaid
  6582 | D:6      | Reached XP level 9. HP: 27/39 MP: 28/28
  6819 | D:7      | Found a white marble altar of Elyvilon.
  6870 | D:7      | Reached skill level 1 in Necromancy
  7322 | D:8      | Noticed Joseph
  7633 | D:7      | Reached skill level 9 in Stealth
  7636 | D:7      | Upgraded the game from 0.14-a0-1585-g835621a to 0.14-a0-1590-g25a9b7f
  7640 | D:7      | Gained mutation: You occasionally shout uncontrollably. [potion of mutation]
  7640 | D:7      | Gained mutation: You have a beak for a mouth. [potion of mutation]
  7640 | D:7      | Gained mutation: You tend to lose your temper in combat. [potion of mutation]
  7641 | D:7      | Lost mutation: You are agile. (Dex +2) [potion of cure mutation]
  7641 | D:7      | Lost mutation: You tend to lose your temper in combat. [potion of cure mutation]
  7641 | D:7      | Lost mutation: You occasionally shout uncontrollably. [potion of cure mutation]
  7875 | D:7      | Found a sand-covered staircase.
  7879 | Ossuary  | Entered an ossuary
  8470 | D:8      | Acquired Kikubaaqudgha's second power
  8492 | D:8      | Learned a level 6 spell: Invisibility
  8498 | D:8      | Learned a level 5 spell: Fulminant Prism
  8528 | D:8      | Reached skill level 10 in Stealth
  8669 | D:8      | Gained mutation: You are frail (-10% HP). [potion of mutation]
  8669 | D:8      | Gained mutation: Your spells are a little harder to cast, but a little more powerful. [potion of mutation]
  8910 | D:8      | Killed Joseph
  8910 | D:8      | Reached XP level 10. HP: 28/39 MP: 12/30
  8966 | D:8      | Noticed Blork the orc
  8973 | D:8      | Gained mutation: Your magical capacity is low (-10% MP). [mutagenic glow]
  9534 | D:8      | Killed Blork the orc
  9710 | D:8      | Found Ocantimn's Antique Armour Emporium.
  9870 | D:8      | Noticed Prince Ribbit
  9935 | D:8      | Killed Prince Ribbit
  9961 | D:8      | Reached skill level 11 in Stealth
 10119 | D:8      | Received a gift from Kikubaaqudgha
 10120 | D:8      | Identified Kikubaaqudgha's Grimoire of Unholy Secrets (Kikubaaqudgha gifted it to you on level 8 of the Dungeon)
 10180 | D:8      | Learned a level 4 spell: Animate Dead
 10538 | D:9      | Identified a +0 rod of venom (14/14) (You found it on level 9 of the Dungeon)
 11501 | D:10     | Entered Level 10 of the Dungeon
 11564 | D:10     | Found Xierub's Armour Emporium.
 11565 | D:10     | Found a staircase to the Orcish Mines.
 11567 | D:10     | Reached skill level 12 in Stealth
 11640 | D:10     | Bought a +2 robe for 219 gold pieces
 11640 | D:10     | Bought a +1 cloak of poison resistance for 164 gold pieces
 11747 | D:10     | Noticed Erolcha
 11763 | D:10     | Killed Erolcha
 11790 | D:10     | Reached skill level 10 in Spellcasting
 11861 | D:10     | Noticed an unseen horror
 11906 | D:10     | Killed an unseen horror
 11906 | D:10     | Reached XP level 11. HP: 9/42 MP: 12/28
 11909 | D:10     | Gained mutation: You are clumsy. (Dex -2) [mutagenic glow]
 12339 | D:11     | Noticed a hill giant
 12339 | D:11     | Noticed Petitchka's ghost (powerful HuHu)
 12342 | D:11     | Killed a hill giant
 12342 | D:11     | Reached skill level 5 in Necromancy
 12349 | D:11     | Noticed Nergalle
 12354 | D:11     | Killed Petitchka's ghost
 12368 | D:11     | HP: 2/42 [Nergalle/bolt of negative energy (35)]
 12380 | D:11     | Killed Nergalle
 12447 | D:11     | Acquired Kikubaaqudgha's third power
 12520 | D:11     | Reached skill level 10 in Hexes
 12534 | D:11     | Found a staircase to the Lair.
 12545 | Lair:1   | Entered Level 1 of the Lair of Beasts
 12658 | Lair:1   | Reached skill level 13 in Stealth
 12679 | Lair:1   | Paralysed by a potion of paralysis for 4 turns
 13558 | Lair:2   | Upgraded the game from 0.14-a0-1590-g25a9b7f to 0.14-a0-1613-gd720e3e
 14250 | Lair:3   | Noticed an eight-headed hydra
 14524 | Lair:3   | HP: 2/42 [eight-headed hydra (18)]
 14524 | Lair:3   | Slain by an eight-headed hydra

Action                   |  1- 3 |  4- 6 |  7- 9 | 10-12 || total
-------------------------+-------+-------+-------+-------++-------
Melee: Dagger            |    58 |   175 |   213 |   399 ||   845
       Cutlass           |       |       |   145 |       ||   145
Throw: Dart              |       |       |     7 |       ||     7
 Cast: Corona            |     7 |       |       |       ||     7
       Ensorcelled Hiber |    15 |    67 |    84 |    78 ||   244
       Confuse           |       |     3 |    17 |    15 ||    35
       Pain              |       |       |     5 |     4 ||     9
       Invisibility      |       |       |     2 |    11 ||    13
       Fulminant Prism   |       |       |     2 |     8 ||    10
       Animate Dead      |       |       |       |     7 ||     7
Invok: Receive Corpses   |       |       |       |     2 ||     2
Evoke: Wand              |       |       |     1 |    10 ||    11
       Rod               |       |       |       |     1 ||     1
  Use: Potion            |     3 |     6 |    12 |    10 ||    31
       Scroll            |       |     8 |    11 |     3 ||    22
 Stab: Sleeping          |    23 |    46 |    76 |    63 ||   208
       Confused          |       |     4 |     6 |    11 ||    21
       Distracted        |       |     1 |     2 |     3 ||     6
       Invisible         |       |       |     2 |    28 ||    30
